 Dungeon Crawl Stone Soup version 0.22.0-40-g68aacdc (webtiles) character file.

46785 corax the Cleaver (level 14, -8/90 HPs)
             Began as a Gargoyle Fighter on Sept 1, 2018.
             Was an Initiate of Gozag.
             Splashed by an oklob plant's acid (13 damage)
             ... on level 5 of the Lair of Beasts.
             The game lasted 00:53:22 (14091 turns).

corax the Cleaver (Gargoyle Fighter)               Turns: 14091, Time: 00:53:23

Health: -8/90      AC: 31    Str: 25    XL:     14   Next: 39%
Magic:  14/14      EV:  8    Int:  9    God:    Gozag
Gold:   3972       SH: 19    Dex: 13    Spells: 13/13 levels left

rFire    . . .     SeeInvis .   a - +9 war axe
rCold    + . .     Gourm    .   P - +2 shield
rNeg     + . .     Faith    .   x - +4 plate armour
rPois    ∞         Spirit   .   C - +2 helmet
rElec    +         Reflect  +   (no cloak)
rCorr    .         Harm     .   h - +0 pair of gloves
MR       +....                  s - +0 pair of boots
Stlth    ..........             u - +3 amulet of reflection
HPRegen  0.25/turn              p - +4 ring of dexterity
MPRegen  0.14/turn              Y - ring of protection from cold

@: corroded, gold aura, very slightly contaminated, studying Slings, invisible
(expiring)
A: big wings, negative energy resistance 1, electricity resistance, unbreathing,
petrification resistance, rot immunity, AC +10
a: Fly, Potion Petition, Call Merchant, Bribe Branch, Renounce Religion


You were on level 5 of the Lair of Beasts.
You worshipped Gozag.
Gozag was most pleased with you.
You were not hungry.

You visited 3 branches of the dungeon, and saw 19 of its levels.
You also visited: Ossuary and Ice Cave.

You collected 4236 gold pieces.
You spent 150 gold pieces at shops.
You paid 114 gold pieces to Gozag.

Inventory:

Hand Weapons
 a - a +9 war axe (weapon)
 b - a +3 scimitar of flaming
 N - the +1 dagger of Leczyfa {venom, +Rage rPois rC-}
   (You found it on level 11 of the Dungeon)

   It poisons the flesh of those it strikes.
   It makes you vulnerable to cold.
   It protects you from poison.
   It lets you go berserk.
Armour
 e - the cursed +0 ice dragon scales of the Accordion {rElec rF- rC++, unknown}
   (You found it in an ice cave)

   It makes you vulnerable to fire.
   It greatly protects you from cold.
   It insulates you from electricity.
   It has a curse placed upon it.
 h - a +0 pair of gloves (worn)
 s - a +0 pair of boots (worn)
 x - a +4 plate armour (worn)
 C - a +2 helmet (worn)
 P - a +2 shield (worn)
Jewellery
 c - a cursed ring of ice
 p - a +4 ring of dexterity (left hand)
 u - a +3 amulet of reflection (around neck)
 z - an uncursed amulet of the acrobat {unknown}
 B - a cursed -4 ring of dexterity
 D - an uncursed ring of positive energy
 Q - an uncursed amulet of magic regeneration {unknown}
 S - a +4 ring of intelligence {unknown}
 T - an uncursed amulet of regeneration {unknown}
 U - a cursed amulet of inaccuracy {unknown}
 X - an uncursed ring of resist corrosion
 Y - a ring of protection from cold (right hand)
 Z - an uncursed amulet of the acrobat {unknown}
Wands
 n - a wand of paralysis (23)
 w - a wand of clouds (13)
 y - a wand of digging (16)
 F - a wand of disintegration (29)
 K - a wand of acid (15)
 M - a wand of random effects (20)
 O - a wand of iceblast (25)
 W - a wand of flame (26)
Scrolls
 g - 2 scrolls of amnesia
 i - 9 scrolls of remove curse
 j - 3 scrolls of magic mapping
 o - 8 scrolls of teleportation
 t - 2 scrolls of fear
 I - a scroll of fog
 R - a scroll of silence
Potions
 d - 3 potions of might
 k - 3 potions of ambrosia
 l - 3 potions of agility
 m - 8 potions of curing
 q - 4 potions of heal wounds
 r - 3 potions of magic
 v - 2 potions of resistance
 A - 3 potions of brilliance
 E - 2 potions of haste
 G - a potion of invisibility
 J - 3 potions of cancellation
 L - a potion of berserk rage
 V - 2 potions of flight
Books
 H - a manual of Slings
Comestibles
 f - 45 rations


   Skills:
 + Level 11.1 Fighting
 + Level 4.7 Long Blades
 + Level 14.4 Axes
 + Level 9.7 Armour
 + Level 2.1 Dodging
 + Level 3.6 Stealth
 + Level 13.2 Shields
 + Level 1.0 Evocations


You had 13 spell levels left.
You didn't know any spells.
Your spell library contained the following spells:

 Spells                   Type           Power        Failure   Level  Hunger
 Animate Skeleton         Necr           N/A          99%         1    ##.....
 Apportation              Tloc           #.....       99%         1    ##.....
 Confusing Touch          Hex            #.....       99%         1    ##.....
 Freeze                   Ice            #...         99%         1    ##.....
 Magic Dart               Conj           #...         99%         1    ##.....
 Summon Small Mammal      Summ           #...         99%         1    ##.....
 Call Imp                 Summ           #.......     100%        2    ###....
 Searing Ray              Conj           #.....       100%        2    ###....
 Throw Frost              Conj/Ice       #.....       100%        2    ###....
 Call Canine Familiar     Summ           #.......     100%        3    ####...
 Confuse                  Hex            #.......     100%        3    ####...
 Dazzling Spray           Conj/Hex       #.....       100%        3    ####...
 Gell's Gravitas          Tloc           #.........   100%        3    ####...
 Ozocubu's Armour         Chrm/Ice       #.......     100%        3    ####...
 Summon Guardian Golem    Hex/Summ       #.......     100%        3    ####...
 Cause Fear               Hex            #.........   100%        4    #####..
 Force Lance              Conj/Tloc      #.......     100%        4    #####..
 Fulminant Prism          Conj/Hex       #.........   100%        4    #####..
 Iskenderun's Mystic Bla  Conj           #.......     100%        4    #####..
 Petrify                  Tmut/Erth      #.......     100%        4    #####..
 Summon Ice Beast         Ice/Summ       #.......     100%        4    #####..
 Summon Lightning Spire   Summ/Air       #.......     100%        4    #####..
 Throw Icicle             Conj/Ice       #.......     100%        4    #####..
 Metabolic Englaciation   Hex/Ice        #.........   100%        5    ######.
 Silence                  Hex/Air        #.........   100%        5    ######.
 Yara's Violent Unravell  Hex/Tmut       #.........   100%        5    ######.
 Deflect Missiles         Chrm/Air       #.........   100%        6    #######
 Discord                  Hex            #.........   100%        8    #######


Dungeon Overview and Level Annotations

Branches:
Dungeon (13/15)            Temple (1/1) D:6            Lair (5/6) D:8
 Shoals (0/4) Lair:3       Spider (0/4) Lair:3          Orc (0/2) D:11
  Slime: Lair:5-6    Vaults: D:13-14

Altars:
Cheibriados
Dithmenos
Elyvilon
Fedhas
Gozag
Hepliaklqana
Kikubaaqudgha
Makhleb
Nemelex Xobeh
Okawaru
Qazlal
Ru
Sif Muna
Trog
Uskayaw
Vehumet
Wu Jian
Yredelemnul
Zin
The Shining One

Shops:
D:5 *   D:10 *   D:11 *([

Portals:
Trove: D:12 (give 2 scrolls of acquirement)

Annotations:
D:4 Eustachio
D:10 3 runed doors, HEYYEYAAE's ghost, novice DgGl
Lair:4 3 runed doors, Wabbos's ghost, journeyman MiFi
Lair:5 exclusion: 3 oklob plants


Innate Abilities, Weirdness & Mutations

You are resistant to torment.
Your stone body is resilient. (AC +10)
You are immune to poison.
Your large and strong wings let you fly indefinitely.
You resist negative energy. (rN+)
You are resistant to electric shocks. (rElec)
You can survive without breathing.
You are immune to petrification.
You are immune to rotting.


Message History

The oklob plant spits acid at you. The splash of acid hits you!
You are splashed with acid!
The acid burns!
* * * LOW HITPOINT WARNING * * *
The oklob plant spits acid at you.
The splash of acid reflects off an invisible shield around you!
The splash of acid hits the oklob plant.
The oklob plant completely resists.
Unknown command.
You catch the helpless oklob plant completely off-guard!
You hit the oklob plant but do no damage.
The oklob plant is heavily damaged.
You catch the helpless oklob plant completely off-guard!
You slash the oklob plant!
You hit the oklob plant but do no damage.
The oklob plant is heavily damaged.
You hit the oklob plant. The oklob plant spits acid at you.
The splash of acid hits you!
You are splashed with acid!
The acid burns!
You die...
Your body crumbles into a pile of gold.

#......##
##.......##
##.........##
#......#....#
#..#.####...##
##..## #P.P..##
########...PP##
#$$..$P....PP####
#$@P$.....P...#.#
#P$...P...#....#
#.)......####..####
#....PP..#####...#.
#######...P........
##....$......
#....$......
#....$......
#....$......


You could see 3 oklob plants.

Vanquished Creatures
  Rupert (Lair:5)
  Kirke (Lair:5)
  Snorg (D:12)
  Josephine (D:10)
  8 hydras
  Harold (D:8)
  A two-headed ogre (D:10)
  Erica (D:10)
  A slime creature (D:12)
  An unseen horror (D:10)
  A lindwurm (Lair:5)
  An oklob plant (Lair:5)
  5 ugly things
  A cyclops (D:12)
  Joseph (D:7)
  5 elephants (Lair:5)
  3 ice statues (IceCv)
  Psyche (D:8)
  A black mamba (Lair:4)
  A torpor snail (Lair:2)
  9 spiny frogs
  4 komodo dragons
  2 rime drakes
  2 ice devils (Lair:5)
  2 trolls
  A hornet (D:11)
  A queen bee (Lair:1)
  A merfolk (D:10)
  12 blink frogs
  2 hippogriffs
  A water elemental (D:12)
  A shadow (D:12)
  5 wraiths
  Sigmund (D:3)
  28 yaks
  5 hogs (Lair:5)
  3 basilisks
  A hungry ghost (D:11)
  3 vampire mosquitoes (D:12)
  Menkaure (D:6)
  An acid dragon (D:8)
  A soldier ant (D:12)
  11 porcupines
  13 water moccasins
  4 black bears
  4 ogres
  7 ice beasts
  6 phantoms
  5 sky beasts
  An eye of draining (D:12)
  7 centaurs
  8 wolves
  8 crocodiles
  A big kobold (D:6)
  9 bullfrogs
  2 gnoll sergeants
  3 scorpions
  A wyvern skeleton (D:7)
  24 killer bees (Lair:1)
  6 wights
  3 electric eels
  A centaur zombie (D:12)
  A bullfrog zombie (D:11)
  8 crimson imps
  A jelly (D:7)
  3 hounds
  2 orc priests
  2 orc wizards
  A bullfrog skeleton (D:10)
  3 iguanas
  2 gnoll shamans (D:6)
  10 worker ants
  A killer bee zombie (D:7)
  2 bullfrog simulacra (D:10)
  A mummy (Ossuary)
  A howler monkey zombie (D:7)
  Robin (D:4)
  43 gnolls
  12 adders
  2 shadow imps
  A white imp (D:10)
  2 worker ant simulacra (D:10)
  An ufetubus (D:10)
  3 oozes
  An adder skeleton (D:5)
  5 worms
  12 dart slugs
  4 leopard geckos
  16 orcs
  3 ball pythons
  8 bats
  6 giant cockroaches
  8 goblins
  10 hobgoblins
  21 jackals
  8 kobolds
  4 quokkas
  3 frilled lizards
  5 gnoll skeletons (Ossuary)
  A jackal zombie (D:8)
  5 kobold skeletons (Ossuary)
  15 orc skeletons (Ossuary)
  7 rats
  2 fungi (Lair:5)
  2 plants (Lair:4)
497 creatures vanquished.

Vanquished Creatures (others)
  A human (Lair:5)
  A centaur (D:8)
  An orc (D:8)
  2 fungi (Lair:5)
  9 plants
14 creatures vanquished.

Grand Total: 511 creatures vanquished

Notes
Turn   | Place    | Note
-------+----------+-------------------------------------------
     0 | D:1      | corax the Gargoyle Fighter began the quest for the Orb.
     0 | D:1      | Reached XP level 1. HP: 14/14 MP: 1/1
   151 | D:1      | Reached XP level 2. HP: 18/19 MP: 2/2
   281 | D:1      | Reached skill level 2 in Axes
   499 | D:1      | Reached XP level 3. HP: 22/23 MP: 3/3
   887 | D:2      | Reached XP level 4. HP: 25/28 MP: 4/4
  1055 | D:2      | Found a sparkling altar of Nemelex Xobeh.
  1115 | D:2      | Found a glowing silver altar of Zin.
  1203 | D:3      | Found a shadowy altar of Dithmenos.
  1436 | D:3      | Noticed Sigmund
  1448 | D:3      | Killed Sigmund
  1448 | D:3      | Reached skill level 3 in Axes
  1448 | D:3      | Reached skill level 1 in Dodging
  1448 | D:3      | Reached skill level 1 in Stealth
  1448 | D:3      | Reached XP level 5. HP: 33/33 MP: 5/5
  1448 | D:3      | Reached XP level 6. HP: 38/38 MP: 6/6
  1633 | D:3      | Found a stormy altar of Qazlal.
  1814 | D:4      | Noticed Eustachio
  1821 | D:4      | You fall through a shaft!
  1821 | D:5      | Entered Level 5 of the Dungeon
  1875 | D:5      | Found a sand-covered staircase.
  1880 | Ossuary  | Entered an ossuary
  1880 | Ossuary  | Noticed a wraith
  1880 | Ossuary  | Noticed a wraith
  1880 | Ossuary  | Noticed a wraith
  1941 | Ossuary  | Reached skill level 4 in Axes
  2009 | Ossuary  | Noticed a wraith
  2029 | Ossuary  | Killed a wraith
  2029 | Ossuary  | Reached XP level 7. HP: 32/44 MP: 7/7
  2138 | D:5      | Reached skill level 5 in Shields
  2182 | D:5      | Found Dufreuj's Assorted Antiques.
  2196 | D:5      | Reached skill level 5 in Axes
  2203 | D:5      | Found an ancient bone altar of Kikubaaqudgha.
  2317 | D:5      | Found a sacrificial altar of Ru.
  2317 | D:5      | Found a faded altar of an unknown god.
  2330 | D:5      | Found a faded altar of an unknown god.
  2332 | D:5      | Found an ornate altar of the Wu Jian Council.
  2333 | D:5      | Found a sparkling altar of Nemelex Xobeh.
  2553 | D:4      | Noticed Robin
  2563 | D:4      | Killed Robin
  2563 | D:4      | Reached XP level 8. HP: 48/48 MP: 8/8
  2707 | D:4      | Found a deep blue altar of Sif Muna.
  2888 | D:5      | Reached skill level 5 in Fighting
  3224 | D:6      | Found a bloodstained altar of Trog.
  3228 | D:6      | Reached skill level 6 in Axes
  3241 | D:6      | Reached skill level 5 in Armour
  3284 | D:6      | Reached skill level 7 in Axes
  3454 | D:6      | Reached XP level 9. HP: 54/54 MP: 9/9
  3479 | D:6      | Found an iron altar of Okawaru.
  3545 | D:6      | Found a hide-covered altar of Uskayaw.
  3682 | D:6      | Reached skill level 8 in Axes
  3938 | D:6      | Noticed Menkaure
  3950 | D:6      | Killed Menkaure
  4051 | D:6      | Found a staircase to the Ecumenical Temple.
  4057 | Temple   | Entered the Ecumenical Temple
  4155 | Temple   | Became a worshipper of Gozag Ym Sagoz the Greedy
  4234 | D:7      | Found a stormy altar of Qazlal.
  4254 | D:7      | Found a glowing golden altar of the Shining One.
  4641 | D:7      | Noticed Joseph
  4658 | D:7      | Killed Joseph
  4658 | D:7      | Reached skill level 9 in Axes
  4658 | D:7      | Reached XP level 10. HP: 59/61 MP: 10/10
  4891 | D:8      | Noticed Harold
  4914 | D:8      | Killed Harold
  5131 | D:8      | Noticed Psyche
  5139 | D:8      | Killed Psyche
  5139 | D:8      | Reached skill level 10 in Axes
  5636 | D:8      | Found a staircase to the Lair.
  6295 | D:10     | Entered Level 10 of the Dungeon
  6314 | D:10     | Reached XP level 11. HP: 68/68 MP: 11/11
  6317 | D:10     | Noticed Josephine
  6340 | D:10     | Killed Josephine
  6534 | D:10     | Noticed a two-headed ogre
  6544 | D:10     | Killed a two-headed ogre
  6544 | D:10     | Reached skill level 11 in Axes
  6626 | D:10     | Noticed Erica
  6641 | D:10     | Killed Erica
  6711 | D:10     | Found List's General Store.
  6746 | D:10     | Bought a ration for 75 gold pieces
  6746 | D:10     | Bought a ration for 75 gold pieces
  6758 | D:10     | Found a runed gate.
  6758 | D:10     | Found a runed gate.
  6758 | D:10     | Found a runed gate.
  6759 | D:10     | Noticed HEYYEYAAE's ghost (novice DgGl)
  6922 | D:10     | Found a stormy altar of Qazlal.
  7035 | D:10     | Killed an unseen horror
  7035 | D:10     | Reached skill level 1 in Evocations
  7200 | D:11     | Found Qatistreicu's General Store.
  7202 | D:11     | Got a smoking dagger
  7232 | D:11     | Reached skill level 10 in Shields
  7271 | D:11     | Noticed a green ugly thing
  7274 | D:11     | Noticed a green ugly thing
  7281 | D:11     | Killed a green ugly thing
  7291 | D:11     | Killed a green ugly thing
  7293 | D:11     | Reached XP level 12. HP: 65/75 MP: 12/12
  7323 | D:11     | Reached skill level 12 in Axes
  7413 | D:11     | Found Roopny's Weapon Shop.
  7428 | D:11     | Identified the +1 dagger of Leczyfa {venom, +Rage rPois rC-} (You found it on level 11 of the Dungeon)
  7429 | D:11     | Found a staircase to the Orcish Mines.
  7432 | D:11     | Found Urusorag's Armour Shop.
  7956 | D:12     | Noticed Snorg
  7978 | D:12     | Killed Snorg
  8748 | D:12     | Found a portal to a secret trove of treasure.
  9033 | D:13     | Noticed a centaur warrior
  9034 | D:13     | Noticed a two-headed ogre
  9227 | Lair:1   | Entered Level 1 of the Lair of Beasts
  9353 | Lair:1   | Noticed a five-headed hydra
  9362 | Lair:1   | Killed a one-headed hydra
  9412 | Lair:1   | Reached skill level 1 in Long Blades
  9792 | Lair:1   | Noticed a six-headed hydra
  9799 | Lair:1   | Killed a two-headed hydra
  9799 | Lair:1   | Reached XP level 13. HP: 80/80 MP: 13/13
 10008 | Lair:1   | Reached skill level 13 in Axes
 10985 | Lair:3   | Reached skill level 10 in Fighting
 11318 | Lair:3   | Found a staircase to the Shoals.
 11333 | Lair:3   | Found a hole to the Spider Nest.
 12120 | Lair:4   | Identified a scroll of acquirement
 12236 | Lair:4   | Found a runed gate.
 12236 | Lair:4   | Found a runed gate.
 12236 | Lair:4   | Found a runed gate.
 12236 | Lair:4   | Noticed Wabbos's ghost (journeyman MiFi)
 13020 | Lair:5   | Noticed Kirke
 13035 | Lair:5   | Killed Kirke
 13106 | Lair:5   | Gained mutation: Your large and strong wings let you fly indefinitely. [Gargoyle growth]
 13106 | Lair:5   | Reached XP level 14. HP: 73/88 MP: 14/14
 13159 | Lair:5   | Found a frozen archway.
 13185 | IceCv    | Entered an ice cave
 13485 | IceCv    | Reached skill level 14 in Axes
 13677 | IceCv    | Got bloodstained ice dragon scales
 13972 | Lair:5   | Noticed Rupert
 13992 | Lair:5   | Killed Rupert
 14091 | Lair:5   | Splashed by an oklob plant's acid

Skill      XL: |  1  2  3  4  5  6  7  8  9 10 11 12 13 14 |
---------------+-------------------------------------------+-----
Axes           | 2 3 4 5 7 9 10 11 12 13 14 | 14.4
Shields        | 4 5 6 7 8 10 11 12 13 | 13.2
Armour         | 4 5 7 8 9 |  9.7
Dodging        | 1 2 |  2.1
Stealth        | 1 2 3 |  3.6
Fighting       | 4 5 6 7 8 9 10 11 | 11.1
Evocations     | 1 |  1.0
Long Blades    | 2 4 |  4.7

Action                   |  1- 3 |  4- 6 |  7- 9 | 10-12 | 13-15 || total
-------------------------+-------+-------+-------+-------+-------++-------
Melee: War axe           |   116 |   154 |   377 |   589 |   428 ||  1664
       Scimitar          |       |       |       |    10 |   122 ||   132
Evoke: Wand              |       |     1 |       |     1 |       ||     2
  Use: Scroll            |       |    16 |     7 |    13 |     9 ||    45
       Potion            |       |       |       |     3 |     1 ||     4
 Stab: Paralysed         |       |     2 |       |       |       ||     2
       Distracted        |       |       |       |     5 |     5 ||    10
       Invisible         |       |       |       |       |     7 ||     7
  Eat: Ration            |       |     2 |     2 |     6 |     5 ||    15
Armor: Scale mail        |    73 |    68 |       |       |       ||   141
       Plate armour      |       |    33 |   201 |   333 |   284 ||   851
Dodge: Dodged            |    35 |    58 |    57 |   136 |   103 ||   389
Block: Shield            |    62 |   118 |   275 |   537 |   470 ||  1462
       Reflection        |       |       |    13 |    27 |     6 ||    46
       Rpst.: Scimitar   |       |       |       |       |    12 ||    12
